cohdb
Replays
Latest Replays
All Replays
Popular Replays
Top Player Replays
Match Explorer
How It Works
Community
CoH3 Stats
Reddit
Sign in to upload your games and track your stats! →
Sign in with Steam
Match 44449666
Unlisted
Match 44449666
Overview
Messages
Build Orders
End
Panzergrenadier Squad
Selects Panzerjäger Kommand Battlegroup
Selects Mine Fields
Panzergrenadier Squad
250 Light Carrier
Panzergrenadier Squad
Construct Light Support Kompanie
2.5-tonne Medical Truck
Fire Support Elements
Flakvierling Half-track
Pak 38 Anti-tank Gun Team
Panzergrenadier Squad
Construct Panzerarmee Kommand
Selects Tank Busters
Selects Crew Shock Tactics
Panzerjäger Mechanized Group
Panzer III L Medium Tank
Selects Anti-tank Overwatch
Selects Anti-tank Overwatch
Panzer III L Medium Tank
Panzer III L Medium Tank
Panzerjäger Mechanized Group
Vehicle Survival Package
Veteran Squad Leaders
Emergency Repair Kits
Rapid Advance
Valar[M]orgHulis
蓝木
十三将士归玉门
Neverland
vaarty
Graset
Guts
Салофоб
0
0
Comments
sign in to comment!
No comments posted yet!